Map: [ESL] Royal Blood

Players

Coffee - Winner!

  • Race: Terran Terran
  • Spawn Location: 1:00

MeomaikA

  • Race: Zerg Zerg
  • Spawn Location: 7:00

Event: ESL SC2 Masters 2023 Summer (Regionals)

VOD

Have the link to the VOD?

Description

Time

  • Played on: May 11, 2023, 8:13 a.m.
  • Length: 15:04
Show
View Real Time Build Order
Export as new Build Order

Coffee Terran - Winner!

Build Orders: Hellion Opening, Reaper Expand, Mech 

Get SALT Encoding   

  12  0:00  SCV  
  13  0:12  SCV  
  14  0:17  Supply Depot  
  14  0:24  SCV  
  15  0:38  SCV  
  15  0:40  Barracks  
  15  0:42  Refinery  
  16  0:50  SCV  
  17  1:02  SCV  
  18  1:15  SCV  
  19  1:27  Reaper  
  19  1:28  Orbital Command  
  20  1:39  Command Center  
  20  1:48  Supply Depot  
  20  1:54  SCV  
  20  1:58  Marine  
  22  2:04  Factory  
  22  2:07  SCV  
  23  2:11  Refinery  
  23  2:19  SCV, Barracks Reactor  
  24  2:31  SCV  
  25  2:44  SCV  
  26  2:49  Starport  
  26  2:53  Orbital Command  
  26  3:00  Hellion x2  
  26  3:01  SCV  
  31  3:11  Supply Depot  
  31  3:13  Orbital Command  
  31  3:16  SCV  
  32  3:22  Hellion x2  
  35  3:29  Fusion Core, SCV  
  36  3:35  Starport Tech Lab  
  36  3:38  SCV, Supply Depot  
  36  3:41  SCV  
  38  3:50  SCV  
  38  3:53  SCV, Hellion x2  
  45  4:02  SCV, Supply Depot  
  45  4:06  SCV  
  46  4:15  SCV  
  47  4:18  Battlecruiser, SCV  
  47  4:23  Hellion x2  
  57  4:28  SCV  
  57  4:29  Supply Depot  
  57  4:30  SCV  
  59  4:35  Armory  
  59  4:40  SCV  
  59  4:42  SCV  
  59  4:44  Hellion x2  
  65  4:52  SCV  
  66  4:54  SCV  
  66  4:59  Command Center  
  67  5:07  Refinery  
  67  5:08  Refinery  
  67  5:12  Hellion x2  
  71  5:14  SCV  
  71  5:19  SCV  
  73  5:26  SCV  
  74  5:31  SCV  
  75  5:37  Battlecruiser  
  77  5:43  SCV x2  
  71  5:55  SCV x2  
  65  5:59  Factory  
  65  6:00  Factory  
  65  6:07  SCV x2, Hellion x2  
  71  6:12  Orbital Command  
  71  6:15  Weapon Refit  
  71  6:19  SCV  
  71  6:20  SCV  
  73  6:29  Hellion x2  
  73  6:31  SCV  
  73  6:32  SCV  
  73  6:42  Battlecruiser  
  73  6:45  SCV x2  
  73  6:46  Factory Tech Lab x2  
  81  6:50  Hellion x2  
  74  7:11  Orbital Command  
  74  7:14  Command Center  
  74  7:15  Infernal Pre-Igniter  
  73  7:17  Supply Depot x2  
  73  7:20  Supply Depot  
  73  7:32  Factory  
  73  7:33  Factory  
  73  7:39  Hellion x2, SCV x3  
  73  7:41  Siege Tank  
  73  7:44  Siege Tank  
  86  7:50  Supply Depot  
  86  7:51  SCV x3  
  86  7:52  Supply Depot  
  86  7:53  Refinery x2  
  86  7:54  Supply Depot  
  86  7:56  Terran Vehicle And Ship Armor Level 1  
  89  8:03  SCV x2  
  93  8:13  Hellion x2  
  93  8:15  SCV x2  
  93  8:19  Supply Depot  
  97  8:20  Supply Depot  
  97  8:22  Factory Reactor, Supply Depot  
  97  8:23  Factory Tech Lab  
  97  8:33  Siege Tank  
  97  8:34  Siege Tank  
  103  8:36  SCV x2  
  103  8:38  SCV  
  106  8:45  Supply Depot  
  106  8:48  SCV x2  
  107  8:50  Hellion x2, Siege Tank, SCV  
  116  9:00  SCV  
  117  9:03  Supply Depot  
  117  9:06  Siege Tank  
  117  9:08  Hellion x2  
  117  9:09  Supply Depot  
  124  9:11  Siege Tank  
  124  9:14  Hellion x2  
  131  9:19  SCV x3  
  131  9:22  Siege Tank  
  137  9:34  Hellion  
  137  9:35  Hellion, Battlecruiser  
  145  9:38  SCV x2  
  145  9:40  Armory  
  145  9:41  Supply Depot  
  145  9:42  Supply Depot  
  143  9:52  Hellion x2  
  147  9:56  Command Center  
  141  10:08  Siege Tank x3  
  141  10:10  SCV x2  
  141  10:13  Engineering Bay  
  152  10:14  Refinery  
  152  10:15  Refinery  
  152  10:27  Hellion x3  
  152  10:28  Hellion, Terran Vehicle Weapons Level 1, Terran Vehicle And Ship Armor Level 2  
  160  10:31  SCV x2  
  163  10:42  Planetary Fortress  
  162  10:44  Command Center  
  162  10:50  Siege Tank x3  
  161  11:01  SCV x2  
  161  11:02  Supply Depot x2  
  163  11:08  Hellion x3  
  163  11:10  Orbital Command  
  163  11:24  Factory  
  163  11:25  Factory  
  163  11:26  Battlecruiser  
  163  11:27  Factory  
  169  11:37  SCV x3  
  172  11:46  Sensor Tower  
  171  11:47  Sensor Tower  
  171  11:52  Hellion x3  
  162  11:56  SCV x2  
  140  12:13  Hellion x4  
  140  12:14  SCV x2  
  150  12:16  SCV  
  151  12:24  Hellion x3  
  151  12:26  SCV  
  151  12:27  Orbital Command  
  154  12:30  SCV x2  
  154  12:33  Refinery  
  154  12:34  Command Center, Refinery  
  154  12:36  Siege Tank x3  
  165  12:38  SCV  
  162  12:45  Sensor Tower  
  162  12:53  Hellion x2  
  166  13:02  Supply Depot  
  166  13:05  Supply Depot  
  166  13:06  Factory Tech Lab x2, Factory Reactor  
  166  13:07  Mag-Field Accelerator  
  166  13:19  Hellion x2  
  174  13:20  Hellion x2, Siege Tank  
  174  13:23  Siege Tank  
  180  13:28  SCV x2  
  182  13:42  Hellion x4  
  182  13:46  Cyclone x2  
  182  13:47  Cyclone  
  182  13:48  Planetary Fortress  
  191  14:07  Siege Tank  
  191  14:08  Siege Tank  
  191  14:09  Hellion x4  
  199  14:28  Command Center x2  
  183  14:39  Hellion  
  183  14:40  Hellion x3  
  183  14:44  SCV  
  183  14:45  SCV  
Show
View Real Time Build Order
Export as new Build Order

MeomaikA Zerg 

Build Orders: Pool First 

Get SALT Encoding   

  12  0:00  Drone  
  13  0:12  Overlord  
  13  0:16  Drone  
  14  0:30  Drone  
  14  0:31  Drone  
  14  0:34  Drone  
  17  0:43  Spawning Pool  
  17  0:48  Drone  
  17  1:07  Hatchery  
  17  1:10  Drone  
  17  1:12  Extractor  
  17  1:15  Drone  
  17  1:18  Drone  
  18  1:30  Queen  
  18  1:31  Drone  
  21  1:38  Overlord  
  21  1:49  Drone  
  22  2:00  Drone  
  23  2:05  Queen  
  25  2:11  Drone, Metabolic Boost  
  26  2:19  Queen, Drone  
  26  2:22  Drone  
  30  2:31  Drone  
  30  2:35  Drone  
  33  2:37  Drone x3  
  33  2:42  Drone  
  36  2:45  Overlord  
  36  3:04  Drone x2  
  36  3:05  Drone  
  39  3:07  Hatchery  
  39  3:10  Zergling x2  
  39  3:18  Zergling x8  
  43  3:22  Drone  
  44  3:28  Lair  
  44  3:29  Overlord  
  44  3:30  Spore Crawler  
  44  3:31  Drone  
  44  3:41  Extractor  
  43  3:49  Drone  
  43  3:50  Overlord  
  43  3:54  Spore Crawler  
  43  3:55  Drone  
  44  4:05  Overlord  
  44  4:07  Queen  
  44  4:08  Drone x2  
  44  4:09  Drone x4  
  52  4:26  Queen  
  52  4:27  Hydralisk Den  
  52  4:29  Drone x2  
  52  4:30  Drone  
  56  4:32  Extractor  
  56  4:33  Drone, Zergling x6  
  56  4:34  Zergling x4  
  61  4:42  Drone x4  
  61  4:43  Overlord  
  65  4:46  Drone  
  66  4:57  Overlord, Muscular Augments  
  66  4:58  Overlord  
  66  5:02  Hydralisk  
  66  5:03  Hydralisk x2  
  66  5:04  Hydralisk  
  74  5:20  Hydralisk x2  
  74  5:21  Hydralisk x3  
  78  5:23  Hydralisk  
  84  5:36  Zergling x4  
  84  5:37  Zergling x6  
  84  5:39  Hydralisk x2, Zergling x2  
  84  5:41  Hydralisk  
  83  5:44  Zergling x2  
  83  5:45  Zergling x6  
  83  5:46  Zergling x2  
  83  5:48  Zergling x2  
  83  5:49  Zergling x2  
  79  5:52  Zergling x2  
  79  5:56  Drone  
  77  6:00  Drone x2  
  76  6:05  Drone, Queen  
  76  6:10  Grooved Spines  
  78  6:14  Queen  
  78  6:16  Drone, Evolution Chamber x2  
  78  6:17  Drone  
  80  6:22  Drone x3  
  80  6:24  Spore Crawler  
  82  6:27  Hydralisk  
  84  6:33  Hydralisk x2  
  88  6:46  Overlord, Zergling x2  
  89  6:47  Overlord  
  89  6:50  Queen, Zerg Ground Armor Level 1  
  89  6:52  Drone  
  86  6:54  Drone  
  86  6:55  Drone  
  81  7:01  Zergling x2  
  81  7:04  Hydralisk x2  
  81  7:06  Hydralisk  
  81  7:08  Queen  
  82  7:09  Extractor  
  82  7:15  Drone, Queen  
  76  7:17  Hydralisk  
  76  7:18  Drone  
  76  7:21  Extractor  
  80  7:24  Hydralisk  
  80  7:25  Hydralisk  
  80  7:26  Queen  
  80  7:29  Extractor, Drone  
  86  7:36  Overlord  
  86  7:37  Hydralisk  
  86  7:39  Drone x3  
  86  7:43  Zerg Missile Weapons Level 1  
  91  7:46  Hydralisk  
  91  7:47  Hatchery, Drone  
  91  7:48  Drone x2  
  95  7:52  Hydralisk  
  95  7:56  Overseer  
  97  8:00  Hydralisk  
  97  8:01  Overlord  
  99  8:10  Hydralisk  
  99  8:11  Hydralisk x2  
  101  8:13  Overlord  
  101  8:18  Hydralisk  
  103  8:20  Overlord  
  103  8:26  Hydralisk x3  
  109  8:30  Drone x3  
  109  8:32  Drone x3  
  113  8:37  Hydralisk  
  113  8:41  Drone  
  116  8:43  Hydralisk x2  
  116  8:46  Overlord  
  120  8:51  Zerg Ground Armor Level 2  
  120  8:53  Hatchery  
  119  8:56  Zergling x6  
  119  8:58  Zergling x4  
  119  9:01  Drone x2  
  127  9:02  Drone  
  127  9:04  Zergling x2  
  127  9:07  Drone x3  
  131  9:11  Hydralisk x2  
  131  9:15  Hydralisk  
  131  9:16  Hydralisk  
  137  9:19  Hydralisk  
  137  9:21  Zergling x2  
  137  9:24  Hydralisk  
  143  9:33  Hydralisk  
  143  9:36  Zergling x2  
  143  9:39  Overlord x2, Zerg Missile Weapons Level 2  
  143  9:40  Overlord  
  142  9:47  Overlord  
  142  9:50  Spore Crawler, Spine Crawler  
  142  9:51  Drone x3  
  143  10:05  Drone x15  
  155  10:07  Hydralisk x2  
  155  10:10  Hydralisk x2  
  155  10:11  Zergling x2  
  155  10:12  Zergling x2, Infestation Pit  
  164  10:15  Zergling x4, Overseer  
  164  10:18  Zergling x4  
  168  10:23  Zergling x4  
  170  10:29  Overseer  
  170  10:30  Hydralisk x2  
  170  10:35  Hydralisk x5  
  179  10:38  Zergling x2  
  179  10:39  Drone  
  181  10:43  Overlord x2  
  179  10:56  Hydralisk x3  
  181  10:58  Hydralisk  
  181  11:00  Overlord  
  181  11:01  Drone  
  182  11:10  Spore Crawler  
  179  11:12  Zergling x2  
  179  11:13  Overlord, Zergling x34  
  179  11:14  Hive  
  179  11:15  Zergling x2  
  179  11:18  Zergling x4  
  195  11:19  Zergling x2  
  195  11:20  Zergling x6  
  195  11:21  Zerg Melee Weapons Level 1  
  195  11:23  Zergling x2  
  200  11:25  Evolution Chamber  
  200  11:26  Zergling x2  
  200  11:35  Spine Crawler  
  200  11:37  Zergling x2  
  195  11:51  Hydralisk  
  195  11:52  Hydralisk x14  
  195  11:53  Zergling x2  
  195  11:54  Zergling x4  
  196  11:58  Zergling x2  
  187  12:04  Hydralisk x3  
  187  12:05  Zergling x6  
  187  12:07  Zergling x4  
  177  12:39  Viper x4  
  177  12:42  Drone x11  
  177  12:43  Overlord  
  200  12:47  Hatchery  
  199  12:58  Extractor, Drone  
  200  12:59  Overlord  
  199  13:08  Zergling x2  
  199  13:10  Hatchery  
  199  13:20  Zergling x2  
  199  13:24  Overlord  
  197  13:36  Hydralisk x2  
  197  13:37  Overlord  
  190  13:58  Drone x8  
  190  14:02  Hydralisk x2  
  193  14:20  Spore Crawler x2  
  193  14:21  Spore Crawler  
  193  14:23  Spore Crawler  
  193  14:24  Spore Crawler  
  142  14:42  Zergling x2  
Tags
 
Add a new tag
Caveats
  • Supply blocks, unpowered buildings, or Contaminate may cause inaccurate times.
  • Supply counts are checked every 10 seconds.